 Dungeon Crawl Stone Soup version 0.31-a0-865-g3d5d91748a (webtiles) character file.

Game seed: 1902787100392109570

387 ytrimaz the Covert (level 6, -6/38 HPs)
             Began as an Octopode Shapeshifter on Oct 10, 2023.
             Mangled by an ogre
             ... wielding a +0 giant club
              (28 damage)
             ... on level 4 of the Dungeon.
             The game lasted 00:03:22 (2244 turns).

ytrimaz the Covert (Octopode Shapeshifter)          Turns: 2244, Time: 00:03:22

Health: -6/38      AC:  5    Str: 14    XL:     6   Next: 78%
Magic:  0/6        EV: 13    Int: 12    God:
Gold:   176        SH:  0    Dex: 13    Spells: 5/5 levels left

rFire   . .          .
                       - Unarmed
rCold   . . .        (no shield)
rNeg    . . .        (helmet currently unavailable)
rPois   .            a - amulet of guardian spirit
rElec   .            d - +4 ring of protection
rCorr   .            (no ring)
SInv    .            (no ring)
Will    .....        (no ring)
Stlth   +++++        (no ring)
HPRegen 0.26/turn    (no ring)
MPRegen 0.10/turn    (no ring)
                     (no ring)

%: guardian spirit
@: beast-form
A: beast (slay +1), almost no armour, amphibious, 8 rings, camouflage 1,
gelatinous body 1, (nimble swimmer 1), tentacles
a: Begin Untransformation


You were on level 4 of the Dungeon.
You were a hulking beast.
You visited 1 branch of the dungeon, and saw 4 of its levels.

You collected 176 gold pieces.


Innate Abilities, Weirdness & Mutations

You are a hulking beast.
Your limbs bulge with bestial killing power. (Slay +1)
You cannot wear most types of armour.
You are amphibious.
You can wear up to eight rings at the same time.
Your skin changes colour to match your surroundings (Stealth+).
Your rubbery body absorbs attacks. (AC +1, EV +1)
((You are camouflaged when in or above water. (Stealth+)))
You have tentacles for arms and can constrict up to eight enemies at once.


   Skills:
 - Level 1.0 Fighting
 - Level 2.0 Dodging
 + Level 9.5 Stealth
 - Level 3.0 Unarmed Combat
 - Level 3.0 Shapeshifting


You had 5 spell levels left.
You didn't know any spells.
Your spell library contained the following spells:

 Spells                   Type           Power      Damage    Failure   Level
 Apportation              Tloc           0%         N/A       32%         1
 Necrotise                Necr           0%         1d4       32%         1
 Summon Small Mammal      Summ           0%         N/A       32%         1
 Dazzling Flash           Conj/Hex       0%         N/A       69%         3
 Volatile Blastmotes      Fire/Tloc      0%         2d10      69%         3
 Starburst                Conj/Fire      0%         6d3       100%        6
 Maxwell's Capacitive Co  Air            0%         ∞         100%        8

Inventory:

Jewellery
 a - an amulet of guardian spirit (around mantle)
   (You found it on level 2 of the Dungeon)
 d - a +4 ring of protection (left tentacle)
   (You found it on level 1 of the Dungeon)
 f - a ring of fire
   (You found it on level 4 of the Dungeon)
Talismans
 b - a beast talisman (active)
 c - a flux talisman
Wands
 l - a wand of roots (8)
   (You found it on level 2 of the Dungeon)
Scrolls
 g - 2 scrolls of fog
 k - a scroll of enchant armour
 m - a scroll of immolation {unknown}
 o - a scroll of vulnerability {unknown}
Potions
 h - 4 potions of brilliance
 i - a potion of mutation
 j - a potion of curing {unknown}
 n - a potion of berserk rage
 p - a potion of haste {unknown}

Dungeon Overview and Level Annotations

Branches:
Dungeon (4/15) Zot: 21751
 Temple: D:4-7

Altars:
Nemelex Xobeh

#########
...[....########
......(........
........$#.#.### #
......J........#.#
......Oh.....#.#.#
..>..........)...#
........!....#.###
..).....#...##.# ###
........##.###.#######..
#...######.# #........<#
###. ⌠.⌠ #.######### #
$._....# #.⌠.⌠##.#


You could see an ogre and an endoplasm.


Message History

You recover from your berserk rage.
Key pressed, stopping explore.
Unknown command.
Key pressed, stopping explore.
Key pressed, stopping explore.
Unknown command.
Found a stone staircase leading up. 😎 HP[+20]
Your hp is fully restored (38).
There is a stone staircase leading up here.
You pick up a book of Cantrips and begin reading...
You add the spells Necrotise, Summon Small Mammal and Apportation to your library.
f - a ring of fire No target in view!
A hobgoblin comes into view.
A hobgoblin is nearby!
A hobgoblin is nearby!
A hobgoblin is nearby!
A hobgoblin is nearby!
A hobgoblin is nearby!
A hobgoblin is nearby!
The helpless hobgoblin fails to defend itself.
You tentacle-slap the hobgoblin but do no damage.
You grab the hobgoblin. You constrict the hobgoblin.
The hobgoblin hits you. 😕 HP[-1]
You take 1 damage, and now have 37/38 hp.
You tentacle-slap the hobgoblin.
You kill the hobgoblin! 😎 HP[+1]
Your hp is fully restored (38).
Unknown command.
You see here a hobgoblin corpse.
Unknown command.
You start putting on your amulet.
You continue putting on your amulet of guardian spirit. x5
You finish putting on your amulet of guardian spirit.
You feel your power drawn to a protective spirit.
a - an amulet of guardian spirit (around mantle)
You see here a +0 sling.
Found a stone staircase leading up.
Key pressed, stopping explore.
There is a stone staircase leading up here.
Key pressed, stopping explore.
Unknown command.
Sigmund the Dreaded comes into view.
He is wielding a +0 scythe.
The helpless Sigmund fails to defend himself.
You tentacle-slap Sigmund. You grab Sigmund. You constrict Sigmund.
Sigmund barely misses you.
Unknown command.
You bludgeon Sigmund!
You constrict Sigmund, but do no damage.
You tentacle-slap Sigmund. You constrict Sigmund.
Sigmund hits you with a +0 scythe. 😕 HP[-2] MP[-1]
You take 2 damage, and now have 36/38 hp.
You lost 1 mp, and now have 5/6 mp.
Unknown command.
You tentacle-slap Sigmund. You constrict Sigmund.
Sigmund hits you but does no damage.
You tentacle-slap Sigmund.
You kill Sigmund!
Your Stealth skill increases to level 9! 😕 HP[+1] Unknown command.
Things that are here:
a +0 scythe; a +0 robe An ogre comes into view.
It is wielding a +0 giant club.
Found a sparkling altar of Nemelex Xobeh. 😎 HP[+1] MP[+1]
Your hp is fully restored (38).
Your mp is fully restored (6).
An ogre is nearby!
An ogre is nearby!
An ogre is nearby!
Found a dagger.
Found an escape hatch in the floor.
The ogre shouts!
An endoplasm comes into view.
The ogre hits you with a +0 giant club!!
Ouch! That really hurt!
* * * LOW HITPOINT WARNING * * *
😨 HP[-23] MP[-3]
You take 23 damage, and now have 15/38 hp.
MASSIVE DAMAGE!! (PAUSE)
You lost 3 mp, and now have 3/6 mp.
You feel much better. 😎 HP[+23]
Your hp is fully restored (38).
You tentacle-slap the ogre. You squeeze the ogre!
The ogre hits you with a +0 giant club! 😮 HP[-16] MP[-1]
You take 16 damage, and now have 22/38 hp.
MASSIVE DAMAGE!! (PAUSE)
You lost 1 mp, and now have 2/6 mp.
You barely miss the ogre. Your squeeze misses the ogre.
The ogre closely misses you.
You bludgeon the ogre!
Unknown command.
You tentacle-slap the ogre.
The ogre hits you with a +0 giant club!!
Ouch! That really hurt!
You die...

Skill      XL: |  1  2  3  4  5  6 |
---------------+-------------------+-----
Stealth        | 2 3 5 6 8 9 |  9.5
Fighting       | |  1.0
Dodging        | |  2.0
Unarmed Combat | |  3.0
Shapeshifting  | |  3.0

Action                     |  1- 3 |  4- 6 || total
---------------------------+-------+-------++-------
  Melee: Unarmed           |    56 |    94 ||   150
         Tentacles         |    13 |    19 ||    32
         Constrict         |    13 |    24 ||    37
         Punch             |     2 |     2 ||     4
    Use: Potion            |       |     3 ||     3
         Scroll            |       |     6 ||     6
   Stab: Sleeping          |     8 |    16 ||    24
 Armour: Skin              |    24 |    58 ||    82
  Dodge: Dodged            |    64 |    42 ||   106

Levels and vault maps discovered:
D:1:      shiori_arrival_oz, layout_basic
D:2:      layout_basic, ebering_ecumenical_altar_petrified,
          guppyfry_early_lair_pool, uniq_terence
D:3:      layout_rooms
D:4:      layout_loops_ring, nemelex_xobeh_ov_fountains_minmay, uniq_sigmund

Notes
Turn   | Place    | Note
-------+----------+-------------------------------------------
     0 | D:1      | ytrimaz the Octopode Shapeshifter began the quest for the
                  | Orb.
     0 | D:1      | Reached XP level 1. HP: 13/13 MP: 1/1
     0 | D:1      | magus.rc [v1.9.6]
    44 | D:1      | Reached skill level 1 in Stealth
    53 | D:1      | Reached skill level 2 in Stealth
    54 | D:1      | Reached XP level 2. HP: 18/18 MP: 2/2
    61 | D:1      | Reached skill level 3 in Stealth
   151 | D:1      | Reached XP level 3. HP: 19/23 MP: 3/3
   317 | D:1      | Reached skill level 4 in Stealth
   754 | D:2      | Noticed Terence
   762 | D:2      | Killed Terence
   763 | D:2      | Reached skill level 5 in Stealth
   763 | D:2      | Reached XP level 4. HP: 15/28 MP: 4/4
  1068 | D:2      | Reached skill level 6 in Stealth
  1147 | D:2      | Reached XP level 5. HP: 30/33 MP: 5/5
  1337 | D:2      | Found a faded altar of an unknown god.
  1571 | D:3      | Reached skill level 7 in Stealth
  1844 | D:3      | Identified the +2 robe of Generosity {rF+ Dex+4}
  1889 | D:3      | You pick up a book of Spectacle and begin reading...
  1889 | D:3      | You add the spells Volatile Blastmotes, Dazzling Flash,
                  | Starburst and Maxwell's Capacitive Coupling to your
                  | library.
  2024 | D:4      | Reached skill level 8 in Stealth
  2024 | D:4      | Reached XP level 6. HP: 23/38 MP: 6/6
  2157 | D:4      | You pick up a book of Cantrips and begin reading...
  2157 | D:4      | You add the spells Necrotise, Summon Small Mammal and
                  | Apportation to your library.
  2217 | D:4      | Noticed Sigmund
  2225 | D:4      | Killed Sigmund
  2226 | D:4      | Reached skill level 9 in Stealth
  2235 | D:4      | Found a sparkling altar of Nemelex Xobeh.
  2244 | D:4      | Mangled by an ogre

Vanquished Creatures
  Sigmund (D:4)
  An orc priest (D:4)
  An iguana (D:4)
  Terence (D:2)
  3 gnolls (D:2)
  3 adders
  A worm (D:2)
  6 dart slugs
  3 orcs
  10 ball pythons
  2 endoplasms
  4 giant cockroaches
  9 goblins
  6 hobgoblins
  12 jackals
  4 kobolds
  2 quokkas
  2 bats (D:3)
  2 frilled lizards
  2 rats
75 creatures vanquished.

Table legend:
 A = Non-vault XP
 B = Vault XP
 C = Vault XP percentage of total XP
 D = Non-vault monster count
 E = Vault monster count
 F = Vault count percentage of total count
                 A         B        C        D         E       F
            +---------+---------+-------+---------+---------+-------
      Total |     291 |     262 |  47.4 |      71 |       4 |   5.3
            +---------+---------+-------+---------+---------+-------
        D:1 |      56 |       4 |   6.7 |      27 |       2 |   6.9
        D:2 |      94 |      32 |  25.4 |      16 |       1 |   5.9
        D:3 |      51 |       0 |   0.0 |      20 |       0 |   0.0
        D:4 |      90 |     226 |  71.5 |       8 |       1 |  11.1
            +---------+---------+-------+---------+---------+-------

Skill      XL: |  1  2  3  4  5  6 |
---------------+-------------------+-----
Stealth        | 2 3 5 6 8 9 |  9.5
Fighting       | |  1.0
Dodging        | |  2.0
Unarmed Combat | |  3.0
Shapeshifting  | |  3.0

Action                     |  1- 3 |  4- 6 || total
---------------------------+-------+-------++-------
  Melee: Unarmed           |    56 |    94 ||   150
         Tentacles         |    13 |    19 ||    32
         Constrict         |    13 |    24 ||    37
         Punch             |     2 |     2 ||     4
    Use: Potion            |       |     3 ||     3
         Scroll            |       |     6 ||     6
   Stab: Sleeping          |     8 |    16 ||    24
 Armour: Skin              |    24 |    58 ||    82
  Dodge: Dodged            |    64 |    42 ||   106

Illustrated notes

Table legend:
 A = Kills in this place as a percentage of kills in the entire game.
 B = Kills by you in this place as a percentage of kills by you in the entire game.
 C = Kills by friends in this place as a percentage of kills by friends in the entire game.
 D = Other kills in this place as a percentage of other kills in the entire game.
 E = Experience gained in this place as a percentage of experience gained in the entire game.
 F = Experience gained in this place divided by the number of levels of this place that you have seen.
                   A       B       C       D       E      F
               +-------+-------+-------+-------+-------+----------------------
         Total | 100.0 | 100.0 |   N/A |   N/A | 100.0 | 138.2
       Dungeon | 100.0 | 100.0 |   N/A |   N/A | 100.0 | 138.2
               +-------+-------+-------+-------+-------+----------------------

Table legend: (Time is in decaauts)
 A = Elapsed time spent in this place.
 B = Non-inter-level travel time spent in this place.
 C = Inter-level travel time spent in this place.
 D = Time resting spent in this place.
 E = Time spent auto-exploring this place.
 F = Levels seen in this place.
 G = Mean time per level.
                   A        B        C        D        E       F      G
               +--------+--------+--------+--------+--------+-----+--------+
         Total |   2247 |   2160 |     87 |      3 |   1650 |   4 |  561.8 |
       Dungeon |   2247 |   2160 |     87 |      3 |   1650 |   4 |  561.8 |
               +--------+--------+--------+--------+--------+-----+--------+

Top non-repeatable levels by time:
     D:1: 750 daAuts
     D:2: 696 daAuts
     D:3: 523 daAuts
     D:4: 276 daAuts
